 Dungeon Crawl Stone Soup version 0.22.1-1-ga44c0e56f4 (webtiles) character file.

373 JOKERXD40 the Chopper (level 6, -5/55 HPs)
             Began as a Minotaur Berserker on Oct 26, 2018.
             Was a Priest of Trog.
             Blown up by an orc wizard (9 damage)
             ... with a wand of disintegration (4)
             ... on level 4 of the Dungeon.
             The game lasted 00:07:04 (3053 turns).

JOKERXD40 the Chopper (Minotaur Berserker)          Turns: 3053, Time: 00:07:04

Health: -5/55      AC: 13    Str: 24    XL:     6   Next: 43%
Magic:  5/5        EV:  8    Int:  4    God:    Trog [***...]
Gold:   142        SH:  0    Dex:  9    Spells: 5/5 levels left

rFire    . . .     SeeInvis .   a - +0 hand axe
rCold    . . .     Gourm    .   (no shield)
rNeg     . . .     Faith    .   p - +0 plate armour (curse)
rPois    .         Spirit   .   (helmet restricted)
rElec    .         Reflect  .   (no cloak)
rCorr    .         Harm     .   (no gloves)
MR       .....                  l - +1 pair of boots
Stlth    ..........             (no amulet)
HPRegen  0.18/turn              (no ring)
MPRegen  0.09/turn              (no ring)

@: confused, berserk cooldown, slowed, very slow
A: retaliatory headbutt, horns 2
a: Berserk, Trog's Hand, Renounce Religion


You were on level 4 of the Dungeon.
You worshipped Trog.
Trog was most pleased with you.
You were near starving.

You visited 1 branch of the dungeon, and saw 4 of its levels.

You collected 142 gold pieces.

Inventory:

Hand Weapons
 a - a +0 hand axe (weapon)
 f - a +0 mace of protection
 s - a cursed -2 mace
Missiles
 d - 159 stones (quivered)
 r - 2 tomahawks
Armour
 l - a +1 pair of boots (worn)
 p - a cursed +0 plate armour (worn)
Jewellery
 q - an uncursed ring of poison resistance {unknown}
Scrolls
 b - a scroll of fog {unknown}
 e - 3 scrolls of enchant armour
 g - 2 scrolls of teleportation
 h - a scroll of fear {unknown}
 i - 3 scrolls of identify
 u - a scroll of remove curse {unknown}
Potions
 j - a potion of agility {unknown}
 k - a potion of might {unknown}
 m - a potion of heal wounds {unknown}
 n - a potion of flight {unknown}
 o - a potion of invisibility {unknown}
 t - a potion of curing {unknown}
Comestibles
 c - 7 rations


   Skills:
 + Level 4.9 Fighting
 + Level 6.0 Axes
 + Level 2.1 Throwing
 + Level 3.7 Armour
 + Level 3.1 Dodging
 + Level 1.4 Stealth


You had 5 spell levels left.
You didn't know any spells.
Your spell library was empty.

Dungeon Overview and Level Annotations

Branches:
Dungeon (4/15)
 Temple: D:4-7

Altars:
Dithmenos
Fedhas
Kikubaaqudgha
Qazlal


Innate Abilities, Weirdness & Mutations

You reflexively headbutt those who attack you in melee.
You have a pair of horns on your head.


Message History

The hound bites you.
* * * LOW HITPOINT WARNING * * *
Something hits you but does no damage.
You bump into the rock wall.
The hound closely misses you.
You hear a zap.
You are blasted!
* * * LOW HITPOINT WARNING * * *
The hound bites you but does no damage.
You hear some strange, mumbled words.
A puff of flame appears from out of thin air!
The puff of flame hits you!
You miss the hound. You miss something. The hound bites you.
* * * LOW HITPOINT WARNING * * *
The hound bites you but does no damage. Something hits you but does no damage.
The hound barely misses you.
Unknown command.
You bump into the rock wall.
You hear a zap.
You are blasted!
You die...

#.#.#...# .
##.#...### ...#
#......# ...# #
#..###.#######....##.
♣♣♣♣ #..............
♣#####........# ...
#.####...#
#.##.####...####
♣.).).@ha..(...#
♣..P......##{).......
♣♣.♣♣♣.#####....(..##
♣.# #....(..# ...
#.......# ###.
........# .
##..>###.# # ##.## .#
#.# #


You could see a hound and a worker ant.

Vanquished Creatures
  Sigmund (D:3)
  2 orc priests (D:4)
  A worker ant (D:4)
  4 adders
  A dart slug (D:1)
  A worm (D:2)
  A leopard gecko (D:3)
  11 orcs
  5 giant cockroaches
  11 goblins
  5 hobgoblins
  6 jackals (D:2)
  2 quokkas (D:2)
  10 bats
  12 frilled lizards
  7 kobolds
  9 rats
89 creatures vanquished.

Notes
Turn   | Place    | Note
-------+----------+-------------------------------------------
     0 | D:1      | JOKERXD40 the Minotaur Berserker began the quest for the
                  | Orb.
     0 | D:1      | Reached XP level 1. HP: 19/19 MP: 0/0
   346 | D:1      | Reached skill level 4 in Axes
   390 | D:1      | Reached XP level 2. HP: 23/27 MP: 1/1
  1147 | D:2      | Reached XP level 3. HP: 26/33 MP: 2/2
  1216 | D:2      | Reached ** piety under Trog
  1599 | D:2      | Found a shadowy altar of Dithmenos.
  1599 | D:2      | Found an ancient bone altar of Kikubaaqudgha.
  1600 | D:2      | Found a stormy altar of Qazlal.
  1616 | D:2      | Found a blossoming altar of Fedhas.
  1850 | D:2      | Reached skill level 1 in Stealth
  2201 | D:3      | Reached XP level 4. HP: 36/40 MP: 3/3
  2273 | D:3      | Noticed Sigmund
  2291 | D:3      | Killed Sigmund
  2291 | D:3      | Reached skill level 5 in Axes
  2291 | D:3      | Reached skill level 1 in Throwing
  2291 | D:3      | Reached XP level 5. HP: 41/47 MP: 4/4
  2470 | D:3      | Reached *** piety under Trog
  2565 | D:3      | Reached XP level 6. HP: 53/53 MP: 5/5
  3035 | D:4      | Reached skill level 6 in Axes
  3053 | D:4      | Blown up by an orc wizard

Skill      XL: |  1  2  3  4  5  6 |
---------------+-------------------+-----
Axes           | 4 5 6 |  6.0
Fighting       | 4 |  4.9
Stealth        | 1 |  1.4
Throwing       | 1 2 |  2.1
Armour         | 3 |  3.7
Dodging        | 3 |  3.1

Action                   |  1- 3 |  4- 6 || total
-------------------------+-------+-------++-------
Melee: Hand axe          |    84 |   117 ||   201
       Headbutt          |    18 |    11 ||    29
Throw: Stone             |    26 |    32 ||    58
Invok: Berserk           |     1 |     2 ||     3
  Use: Scroll            |       |     2 ||     2
 Stab: Sleeping          |     2 |       ||     2
  Eat: Chunk             |     5 |     3 ||     8
Armor: Animal skin       |    11 |       ||    11
       Plate armour      |    21 |    73 ||    94
Dodge: Dodged            |    57 |    49 ||   106
